 Dungeon Crawl Stone Soup version 0.24.0-125-gc4c63601f3 (webtiles) character file.

Game seed: 10257812789982516039, levelgen mode: deterministic

1334 Ereth the Cleaver (level 8, -1/70 HPs)
             Began as a Hill Orc Fighter on Mar 3, 2020.
             Was an Initiate of Okawaru.
             Slain by a komodo dragon (6 damage)
             ... on level 7 of the Dungeon on Mar 4, 2020.
             The game lasted 00:17:10 (6875 turns).

Ereth the Cleaver (Hill Orc Fighter)                Turns: 6875, Time: 00:17:11

Health: -1/70      AC: 13    Str: 20    XL:     8   Next: 61%
Magic:  8/8        EV:  8    Int:  8    God:    Okawaru [......]
Gold:   302        SH: 10    Dex: 11    Spells: 7/7 levels left

rFire    . . .     SeeInvis .   a - +0 war axe
rCold    . . .     Gourm    .   c - +0 shield
rNeg     . . .     Faith    .   B - +0 chain mail
rPois    .         Spirit   .   l - +2 helmet
rElec    .         Reflect  .   (no cloak)
rCorr    +         Harm     .   (no gloves)
MR       .....                  (no boots)
Stlth    ..........             (no amulet)
HPRegen  0.21/turn              z - ring of resist corrosion
MPRegen  0.11/turn              s - +2 ring of evasion

@: no status effects
A: no striking features
a: Renounce Religion


You were on level 7 of the Dungeon.
You worshipped Okawaru.
Okawaru was noncommittal.
You were hungry.

You visited 2 branches of the dungeon, and saw 8 of its levels.

You collected 302 gold pieces.

Inventory:

Hand Weapons
 a - a +0 war axe (weapon)
 y - a +0 war axe
Missiles
 j - 2 throwing nets (quivered)
Armour
 b - a +0 scale mail
 c - a +0 shield (worn)
 l - a +2 helmet (worn)
 B - a +0 chain mail (worn)
Jewellery
 e - an uncursed ring of protection from cold
 s - a +2 ring of evasion (right hand)
 z - a ring of resist corrosion (left hand)
Wands
 t - a wand of acid (7)
 v - a wand of disintegration (11)
 x - a wand of flame (14)
Scrolls
 g - 2 scrolls of blinking
 q - 2 scrolls of teleportation
 u - a scroll of remove curse
 A - a scroll of fog
Potions
 d - a potion of might
 h - 3 potions of berserk rage
 i - 4 potions of curing
 k - 3 potions of flight
 m - a potion of degeneration
 n - 2 potions of heal wounds {unknown}
 p - 2 potions of brilliance
 r - a potion of invisibility {unknown}
 w - 2 potions of haste {unknown}
Comestibles
 f - 8 rations
 o - a chunk of flesh


   Skills:
 + Level 5.9 Fighting
 + Level 9.0 Axes
 + Level 6.1 Armour
 + Level 2.2 Dodging
 + Level 0.5 Stealth
 + Level 5.1 Shields


You had 7 spell levels left.
You didn't know any spells.
Your spell library contained the following spells:

 Spells                   Type           Power        Failure   Level  Hunger
 Beastly Appendage        Tmut           #.....       100%        1    ##.....
 Freeze                   Ice            #...         100%        1    ##.....
 Shock                    Conj/Air       #...         100%        1    ##.....
 Sticks to Snakes         Tmut           #.......     100%        2    ###....
 Swiftness                Chrm/Air       #.......     100%        2    ###....
 Throw Frost              Conj/Ice       #.....       100%        2    ###....
 Ozocubu's Armour         Chrm/Ice       #.......     100%        3    ####...
 Spider Form              Tmut/Pois      #.........   100%        3    ####...
 Static Discharge         Conj/Air       #.......     100%        3    ####...
 Airstrike                Air            #.........   100%        4    #####..
 Ice Form                 Ice/Tmut       #.......     100%        4    #####..
 Summon Ice Beast         Ice/Summ       #.......     100%        4    #####..
 Throw Icicle             Conj/Ice       #.......     100%        4    #####..
 Blade Hands              Tmut           #.........   100%        5    ######.
 Lightning Bolt           Conj/Air       #.........   100%        5    ######.


Dungeon Overview and Level Annotations

Branches:
Dungeon (7/15)             Temple (1/1) D:6

Altars:
Ashenzari
Cheibriados
Elyvilon
Fedhas
Gozag
Hepliaklqana
Kikubaaqudgha
Makhleb
Okawaru
Qazlal
Ru
Sif Muna
Trog
Uskayaw
Vehumet
Wu Jian
Xom
The Shining One


Message History

The komodo dragon bites you but does no damage.
You slash the komodo dragon!
The komodo dragon is moderately wounded.
You are feeling hungry.
The komodo dragon barely misses you.
You hit the komodo dragon.
The komodo dragon is moderately wounded.
The komodo dragon bites you!!
You closely miss the komodo dragon.
The komodo dragon is moderately wounded.
The komodo dragon bites you!!
* * * LOW HITPOINT WARNING * * *
Things that are here:
a +0 club; a +0 leather armour; an orc corpse The komodo dragon bites you!
* * * LOW HITPOINT WARNING * * *
There is an open door here.
You see here an adder skeleton.
The komodo dragon bites you.
You die...

##################
#.................
#.....(...........
#.................
#.................
#.................
#########..@...##........
........#.l....##<.......
........#.......#........
........รท.......#........
........#.......#........
........#########........
................#...##...
................#...# ###
<............)..#....


You could see a komodo dragon.

Vanquished Creatures
  Grinder (D:3)
  Menkaure (D:4)
  Duvessa (D:5)
  A sky beast (D:5)
  An ogre (D:6)
  A centaur (D:6)
  Dowan (D:5)
  A scorpion (D:5)
  A hound (D:6)
  A centaur zombie (D:5)
  2 orc priests
  3 orc wizards (D:4)
  2 worker ants
  A hound zombie (D:4)
  A mummy (D:5)
  A worker ant zombie (D:5)
  Robin (D:1)
  4 gnolls (D:2)
  7 adders
  An ooze (D:5)
  An adder zombie (D:6)
  An adder skeleton (D:4)
  A dart slug (D:4)
  2 worms
  22 orcs
  2 ball pythons
  7 bats
  5 giant cockroaches
  15 goblins
  10 hobgoblins
  8 jackals
  6 kobolds
  3 quokkas
  6 frilled lizards
  A jackal skeleton (D:4)
  2 leopard gecko skeletons (D:4)
  A quokka skeleton (D:6)
  7 rats
133 creatures vanquished.

Notes
Turn   | Place    | Note
-------+----------+-------------------------------------------
     0 | D:1      | Ereth the Hill Orc Fighter began the quest for the Orb.
     0 | D:1      | Reached XP level 1. HP: 19/19 MP: 1/1
   133 | D:1      | Reached XP level 2. HP: 27/27 MP: 2/2
   393 | D:1      | Reached skill level 3 in Axes
   459 | D:1      | Reached XP level 3. HP: 28/33 MP: 3/3
   673 | D:2      | Found a faded altar of an unknown god.
   980 | D:2      | Noticed Robin
  1025 | D:1      | Killed Robin
  1184 | D:2      | Reached XP level 4. HP: 36/40 MP: 4/4
  1714 | D:2      | Reached skill level 4 in Axes
  1714 | D:2      | Reached XP level 5. HP: 46/47 MP: 5/5
  1770 | D:2      | Found an opulent altar of Gozag.
  2030 | D:3      | Noticed Grinder
  2045 | D:3      | Killed Grinder
  2045 | D:3      | Reached skill level 5 in Fighting
  2045 | D:3      | Reached skill level 5 in Axes
  2045 | D:3      | Reached XP level 6. HP: 17/56 MP: 6/6
  2540 | D:3      | Reached skill level 6 in Axes
  2679 | D:3      | Found a hazy altar of Hepliaklqana.
  2683 | D:3      | Found an ornate altar of the Wu Jian Council.
  2686 | D:3      | Found a white marble altar of Elyvilon.
  3431 | D:4      | Found a sacrificial altar of Ru.
  3433 | D:4      | Found a bloodstained altar of Trog.
  3468 | D:4      | Reached skill level 1 in Dodging
  3476 | D:4      | Noticed Menkaure
  3482 | D:4      | Killed Menkaure
  3482 | D:4      | Reached XP level 7. HP: 61/61 MP: 7/7
  3497 | D:4      | Reached skill level 5 in Armour
  3680 | D:4      | Reached skill level 7 in Axes
  4048 | D:5      | Entered Level 5 of the Dungeon
  4256 | D:5      | Noticed Dowan
  4257 | D:5      | Noticed Duvessa
  4504 | D:5      | Found a snail-covered altar of Cheibriados.
  4670 | D:5      | Killed Duvessa
  4670 | D:5      | Reached XP level 8. HP: 59/69 MP: 8/8
  4841 | D:5      | Killed Dowan
  4841 | D:5      | Reached skill level 8 in Axes
  6209 | D:6      | Reached skill level 5 in Shields
  6301 | D:6      | Found a staircase to the Ecumenical Temple.
  6314 | Temple   | Entered the Ecumenical Temple
  6321 | Temple   | Became a worshipper of Warmaster Okawaru
  6838 | D:7      | Found a shattered altar of Ashenzari.
  6843 | D:7      | Reached skill level 9 in Axes
  6845 | D:7      | Noticed a komodo dragon
  6875 | D:7      | Slain by a komodo dragon

Levels and vault maps discovered:
D:1:      tarquinn_simple_flora_water_a, layout_loops_ring,
          minmay_misc_feat_columns
D:2:      minmay_evil_eye, layout_loops_ring, marbit_many_paths,
          chequers_ecumenical_altar_simple, first_ration, uniq_robin
D:3:      layout_loops_corners, minmay_overflow_temple_star_quad, serial_rivers,
          chequers_serial_rivers_micro_b, chequers_serial_rivers_room_b,
          chequers_serial_rivers_small_b, chequers_serial_rivers_micro_d,
          chequers_serial_rivers_large_a, chequers_serial_rivers_room_a,
          minmay_distorted, uniq_grinder
D:4:      layout_layer_cave, chequers_temple_overflow_statue_of_worship,
          hangedman_decor_riveting, hangedman_decor_peaks_small, uniq_menkaure
D:5:      layout_loops_ring, slow_altar_2, enter_ossuary_5, uniq_duvessa
D:6:      layout_basic, minmay_temple_entry_sparse_star
D:7:      layout_gridville, nicolae_ashenzari_panopticon,
          nicolae_dithmenos_through_a_glass_darkly, basic_altar, grunt_ogre_cave
Temple:   eino_temple_lava

Skill      XL: |  1  2  3  4  5  6  7  8 |
---------------+-------------------------+-----
Fighting       | 4 5 |  5.9
Axes           | 3 4 5 6 7 9 |  9.0
Armour         | 4 5 6 |  6.1
Shields        | 4 5 |  5.1
Dodging        | 1 2 |  2.2
Stealth        | |  0.5

Action                   |  1- 3 |  4- 6 |  7- 9 || total
-------------------------+-------+-------+-------++-------
Melee: War axe           |   105 |   173 |   233 ||   511
  Use: Scroll            |       |     6 |     9 ||    15
  Eat: Chunk             |     1 |     4 |     4 ||     9
       Ration            |       |     1 |     2 ||     3
Armor: Scale mail        |    51 |    92 |    54 ||   197
       Chain mail        |       |       |    33 ||    33
Dodge: Dodged            |    25 |    50 |    61 ||   136
Block: Shield            |    48 |    78 |    88 ||   214
